 Dungeon Crawl Stone Soup version 0.31-a0-881-ge136f0c47a (webtiles) character file.

Game seed: 9964633382721910031

18 Kurtz the Sneak (level 2, -13/28 HPs)
             Began as a Naga Delver on Oct 15, 2023.
             Shot with an arrow by a centaur (15 damage)
             ... on level 4 of the Dungeon.
             The game lasted 00:01:14 (336 turns).

Kurtz the Sneak (Naga Delver)                        Turns: 336, Time: 00:01:15

Health: -13/28     AC:  2    Str: 14    XL:     2   Next: 70%
Magic:  2/2        EV:  9    Int: 10    God:
Gold:   11         SH:  0    Dex: 12    Spells: 1/1 levels left

rFire   . . .        a - +0 hand axe
rCold   . . .        (no shield)
rNeg    . . .        b - +0 leather armour
rPois   +            (no helmet)
rElec   .            (no cloak)
rCorr   .            (no gloves)
SInv    +            (no barding)
Will    .....        (no amulet)
Stlth   +++          (no ring)
HPRegen 0.24/turn    (no ring)
MPRegen 0.08/turn

%: no passive effects
@: very slow
A: AC +0, large, see invisible, deformed body, poison resistance, slowness 2,
spit poison 1, naga tail 1
a: Spit Poison


You were on level 4 of the Dungeon.
You visited 2 branches of the dungeon, and saw 3 of its levels.

You collected 11 gold pieces.

Inventory:

Hand Weapons
 a - a +0 hand axe (weapon)
Armour
 b - a +0 leather armour (worn)
Wands
 g - a wand of digging (3)
Scrolls
 c - 2 scrolls of fog
 d - 2 scrolls of revelation
 e - a scroll of fear
 h - a scroll of identify {unknown}
Potions
 f - a potion of haste
 j - a potion of brilliance {unknown}


   Skills:
 - Level 3.0 Fighting
 * Level 3.2 Axes
 - Level 1.5 Dodging
 - Level 7.2 Stealth


You had one spell level left.
You didn't know any spells.
Your spell library was empty.

Dungeon Overview and Level Annotations

Branches:
Dungeon (5/15)             Temple (1/1) D:4

Altars:
Cheibriados
Elyvilon
Fedhas
Gozag
Hepliaklqana
Kikubaaqudgha
Makhleb
Nemelex Xobeh
Okawaru
Trog
Vehumet
Wu Jian
Xom
Zin
The Shining One

Annotations:
D:4 exclusions: downstairs and jelly
D:5 Dowan, Duvessa, Sigmund


Innate Abilities, Weirdness & Mutations

Your serpentine skin is tough. (AC +0)
You have supernaturally acute eyesight. (SInv)
Armour fits poorly on your strangely shaped body.
Your system is resistant to poisons. (rPois)
You cover ground very slowly.
You can spit poison.
You have a snake-like lower body.


Message History

No reachable target in view!
Unknown command.
Found a dark potion.
The centaur shoots an arrow.
The arrow hits you!
You can't do that yet.
Unknown command.
Unknown command.
Throw: 3 javelins
Press: ? - help, Q - select action, (/) - cycle Shift-Dir - straight line, f - jelly
Aim: a jelly (88% to hit)
You throw a javelin. The javelin barely misses the centaur.
The javelin pierces through the jelly!
The jelly is heavily wounded.
You have got your breath back.
The centaur shoots an arrow.
The arrow hits you!
Ouch! That really hurt!
* * * LOW HITPOINT WARNING * * *
Throw: 2 javelins
Press: ? - help, Q - select action, (/) - cycle Shift-Dir - straight line, f/p - jelly
Aim: a jelly (heavily wounded, 88% to hit)
You throw a javelin.
The javelin pierces through the centaur!
The centaur is heavily wounded.
The javelin pierces through the jelly.
The jelly is almost dead.
The centaur shoots an arrow.
The arrow closely misses you.
The centaur shoots an arrow.
The arrow closely misses you.
Aiming: Spit Poison (2% risk of failure)
Press: ? - help, Shift-Dir - straight line, f/p - jelly
Aim: a jelly (almost dead, 100% to hit)
Okay, then.
Throw: javelin
Press: ? - help, Q - select action, (/) - cycle Shift-Dir - straight line, f/p - jelly
Aim: a jelly (almost dead, 88% to hit)
You throw a javelin. The javelin barely misses the centaur.
The javelin pierces through the jelly.
You kill the jelly!
The centaur shoots an arrow.
The arrow hits you!
Ouch! That really hurt!
You die...

#........#.............
#........#.....8>8.....
##........##.....##.....
##........##.......#...##
......................###
......$..................
!................).......
........)...............#
........@.......##....###
........##c(########..###
.........##(#.##.....###.
.............(....#..###.
...#.###..#...##.##.....#
..##. ####...#...###...#
.. ## #....##...# ##...
#...##..### #... ...(J
#.. #....


You could see a centaur.

Vanquished Creatures
  A jelly (D:4)
  A worm (D:4)
  5 orcs
  4 jackals (D:4)
11 creatures vanquished.

Notes
Turn   | Place    | Note
-------+----------+-------------------------------------------
     0 | D:5      | Kurtz the Naga Delver began the quest for the Orb.
     0 | D:5      | Reached XP level 1. HP: 21/21 MP: 1/1
    50 | D:5      | Noticed Sigmund
    52 | D:5      | Noticed Duvessa
    52 | D:5      | Noticed an iguana
    54 | D:5      | Noticed Dowan
   132 | D:4      | Reached XP level 2. HP: 5/28 MP: 2/2
   281 | D:4      | Found a staircase to the Ecumenical Temple.
   290 | Temple   | Entered the Ecumenical Temple
   327 | D:4      | Noticed a centaur
   336 | D:4      | Shot with an arrow by a centaur

Illustrated notes

Levels and vault maps discovered:
D:4:      layout_cave_pools, gammafunk_temple_overflow_claw,
          nicolae_qazlal_eye_of_the_storm, temple_statues, serial_shops, shop
D:5:      layout_rooms, gammafunk_temple_overflow_wave, mrwooster_statue_mirror,
          minmay_misc_feat_five, kennysheep_pointless_box,
          minmay_misc_feat_columns, kennysheep_flooded_box, uniq_menkaure,
          uniq_sigmund, uniq_duvessa, uniq_edmund
Temple:   eino_wide_crystal_templ

Skill      XL: |  1  2 |
---------------+-------+-----
Axes           | 3 |  3.2
Fighting       | |  3.0
Dodging        | |  1.5
Stealth        | |  7.2

Action                     || total
---------------------------++-------
  Melee: Hand axe          ||    16
  Throw: Javelin           ||     3
Ability: Spit Poison       ||     3
   Stab: Sleeping          ||     1
 Armour: Leather armour    ||    17
  Dodge: Dodged            ||    13

Table legend: (Time is in decaauts)
 A = Elapsed time spent in this place.
 B = Non-inter-level travel time spent in this place.
 C = Inter-level travel time spent in this place.
 D = Time resting spent in this place.
 E = Time spent auto-exploring this place.
 F = Levels seen in this place.
 G = Mean time per level.
                   A        B        C        D        E       F      G
               +--------+--------+--------+--------+--------+-----+--------+
         Total |    420 |    384 |     36 |     94 |     81 |   3 |  140.0 |
       Dungeon |    384 |    383 |      1 |     94 |     81 |   2 |  192.0 |
        Temple |     35 |      1 |     34 |      0 |      0 |   1 |   35.0 |
               +--------+--------+--------+--------+--------+-----+--------+

Top non-repeatable levels by time:
     D:4: 307 daAuts
     D:5: 77 daAuts
  Temple: 35 daAuts
